 Dungeon Crawl Stone Soup version 0.27.1-3-gb3d3a73c9e (webtiles) character file.

Game seed: 11546617584464681718

736 Borgoz the Skirmisher (level 7, -1/44 HPs)
             Began as a Gargoyle Berserker on Oct 9, 2021.
             Was a Priest of Trog.
             Slain by a killer bee (6 damage)
             ... on level 5 of the Dungeon on Oct 11, 2021.
             The game lasted 00:07:39 (4645 turns).

Borgoz the Skirmisher (Gargoyle Berserker)          Turns: 4645, Time: 00:07:39

Health: -1/44      AC: 14    Str: 20    XL:     7   Next: 74%
Magic:  7/7        EV: 11    Int:  8    God:    Trog [***...]
Gold:   258        SH:  4    Dex: 11    Spells: 6/6 levels left

rFire    . . .     SeeInvis .   l - +0 flail
rCold    . . .     Faith    +   i - +0 buckler
rNeg     + . .     Spirit   .   a - +0 ring mail
rPois    ∞         Reflect  .   o - +0 helmet
rElec    +         Harm     .   (no cloak)
rCorr    .         Rampage  .   p - +0 pair of gloves
Will     .....                  f - +0 pair of boots
Stlth    +.........             d - amulet of faith
HPRegen  0.14/turn              (no ring)
MPRegen  0.10/turn              (no ring)

@: brilliant, on berserk cooldown, slowed, very slow
A: sickness immunity, AC +4, negative energy resistance 1, electricity
resistance, torment resistance 1, petrification resistance
a: Renounce Religion, Berserk, Trog's Hand


You were on level 5 of the Dungeon.
You worshipped Trog.
Trog was most pleased with you.
You visited 1 branch of the dungeon, and saw 5 of its levels.

You collected 258 gold pieces.

Inventory:

Hand Weapons
 l - a +0 flail (weapon)
Armour
 a - a +0 ring mail (worn)
 f - a +0 pair of boots (worn)
 i - a +0 buckler (worn)
 o - a +0 helmet (worn)
 p - a +0 pair of gloves (worn)
Jewellery
 d - an amulet of faith (around neck)
 u - a +4 ring of protection
Wands
 q - a wand of charming (6)
Scrolls
 b - a scroll of teleportation {unknown}
 g - a scroll of brand weapon {unknown}
 h - a scroll of amnesia {unknown}
 j - a scroll of identify {unknown}
 k - a scroll of vulnerability {unknown}
 r - a scroll of torment {unknown}
 t - 2 scrolls of noise {unknown}
Potions
 e - a potion of curing {unknown}
 m - a potion of degeneration {unknown}
 n - a potion of heal wounds {unknown}
 s - 2 potions of lignification {unknown}
 v - a potion of haste {unknown}
 w - a potion of flight {unknown}


   Skills:
 + Level 5.2 Fighting
 + Level 4.8 Maces & Flails
 + Level 4.6 Armour
 + Level 3.4 Dodging
 + Level 3.2 Shields


You had 6 spell levels left.
You didn't know any spells.
Your spell library was empty.

Dungeon Overview and Level Annotations

Branches:
Dungeon (5/15)             Temple (0/1) D:4

Altars:
Kikubaaqudgha
Yredelemnul


Innate Abilities, Weirdness & Mutations

You are immune to sickness and miasma.
Your stone body is resilient. (AC +4)
You are immune to poison.
You resist negative energy. (rN+)
You are resistant to electric shocks. (rElec)
You are resistant to unholy torment.
You are immune to petrification.


Message History

You hit the killer bee but do no damage.
The killer bee is severely wounded.
The killer bee stings you!
The killer bee stings you but does no damage. x3
Your ring mail prevents you from hitting the killer bee.
The killer bee is severely wounded.
The killer bee stings you but does no damage.
You block the killer bee's attack.
A hound skeleton comes into view.
The killer bee barely misses you.
You completely miss the killer bee.
The killer bee is heavily wounded.
The killer bee stings you but does no damage. x2
The killer bee barely misses you.
The killer bee stings you but does no damage.
You miss the killer bee.
The killer bee is heavily wounded.
The killer bee barely misses you. The killer bee stings you.
A hound comes into view.
The howler monkey hoots and howls with incredible vigour!
The killer bee stings you.
* * * LOW HITPOINT WARNING * * *
An adder zombie comes into view.
You block the killer bee's attack.
You hear a shout! x2; You hear a bark!
You hear a shout!
You barely miss the killer bee.
The killer bee is heavily wounded.
The killer bee closely misses you. You block the killer bee's attack.
The hound skeleton bites you.
* * * LOW HITPOINT WARNING * * *
The killer bee stings you but does no damage.
It was a potion of brilliance.
You feel clever all of a sudden. The killer bee stings you.
* * * LOW HITPOINT WARNING * * *
The hound skeleton bites you.
* * * LOW HITPOINT WARNING * * *
You block the killer bee's attack. The hound skeleton closely misses you.
The killer bee stings you.
You die...

####### #.....#
#...).# #..<..###
#.......#####
#...........##
#....:##....h########.
##...######.hy@Z.Z....
##..# #..#######.#
#..# ##.....# ....
..###.# ..... ##..
#y.. ..### .). ..


You could see a howler monkey, a hound, a killer bee, an adder zombie and a
hound skeleton.

Vanquished Creatures
  Duvessa (D:4)
  An ogre (D:5)
  Dowan (D:4)
  A water moccasin skeleton (D:4)
  6 killer bees
  A jelly (D:4)
  A hound (D:4)
  3 gnolls (D:2)
  3 adders
  An adder skeleton (D:4)
  2 worms (D:3)
  5 orcs
  11 ball pythons
  4 endoplasms
  2 giant cockroaches
  3 goblins (D:1)
  11 hobgoblins
  2 jackals (D:1)
  6 kobolds
  2 quokkas
  7 bats
  A frilled lizard (D:3)
  6 rats
81 creatures vanquished.

Vanquished Creatures (others)
  An endoplasm (D:1)
  A rat (D:1)
  4 plants (D:2)
  A withered plant (D:4)
7 creatures vanquished.

Grand Total: 88 creatures vanquished

Notes
Turn   | Place    | Note
-------+----------+-------------------------------------------
     0 | D:1      | Borgoz the Gargoyle Berserker began the quest for the Orb.
     0 | D:1      | Reached XP level 1. HP: 14/14 MP: 1/1
   132 | D:1      | Reached XP level 2. HP: 14/19 MP: 2/2
   757 | D:1      | Reached XP level 3. HP: 21/23 MP: 3/3
   841 | D:1      | Reached ** piety under Trog
  1120 | D:2      | Reached XP level 4. HP: 13/29 MP: 4/4
  1307 | D:2      | Found an ancient bone altar of Kikubaaqudgha.
  2051 | D:2      | Reached skill level 4 in Fighting
  3125 | D:3      | Reached XP level 5. HP: 29/33 MP: 5/5
  3283 | D:3      | Found a faded altar of an unknown god.
  3418 | D:4      | Reached skill level 1 in Shields
  3432 | D:4      | Noticed Dowan
  3434 | D:4      | Noticed Duvessa
  3488 | D:4      | Found a basalt altar of Yredelemnul.
  3650 | D:4      | Found a staircase to the Ecumenical Temple.
  3680 | D:4      | Killed Duvessa
  3681 | D:4      | Reached XP level 6. HP: 39/39 MP: 6/6
  3829 | D:4      | Killed Dowan
  3906 | D:4      | Reached XP level 7. HP: 29/44 MP: 7/7
  3915 | D:4      | Reached *** piety under Trog
  3916 | D:4      | Reached skill level 5 in Fighting
  4416 | D:5      | Entered Level 5 of the Dungeon
  4645 | D:5      | Slain by a killer bee

Illustrated notes

Levels and vault maps discovered:
D:1:      lightli_arrival_windingriver, layout_basic, lemuel_old_faithful
D:2:      layout_basic, serial_forest, infiniplex_forest_diagonal,
          infiniplex_forest_3_way, infiniplex_forest_lined_2,
          infiniplex_forest_lined_room_2, infiniplex_forest_end_1,
          infiniplex_forest_clump_diagonal, infiniplex_forest_clump_tiny,
          basic_altar
D:3:      layout_loops_ring, shapermc_ecumenical_altar_mp_urbaneastern,
          kennysheep_generic_room_10
D:4:      layout_cave_pools, yredelemnul_altar_generic, temple_green,
          uniq_duvessa
D:5:      minmay_general_purpose_star, layout_rooms, serial_shops,
          nicolae_shop_crystal

Skill      XL: |  1  2  3  4  5  6  7 |
---------------+----------------------+-----
Dodging        | 2 3 |  3.4
Armour         | 3 4 |  4.6
Fighting       | 4 5 |  5.2
Shields        | 2 3 |  3.2
Maces & Flails | 4 |  4.8

Action                   |  1- 3 |  4- 6 |  7- 9 || total
-------------------------+-------+-------+-------++-------
Melee: Mace              |   105 |    56 |       ||   161
       Flail             |       |   147 |    67 ||   214
Invok: Trog's Hand       |     2 |     2 |       ||     4
       Berserk           |     1 |     4 |     2 ||     7
  Use: Potion            |       |       |     1 ||     1
Armor: Animal skin       |    41 |    19 |       ||    60
       Ring mail         |       |    89 |    50 ||   139
Dodge: Dodged            |    95 |   192 |    50 ||   337
Block: Buckler           |       |    30 |    16 ||    46
